 Dungeon Crawl Stone Soup version 0.32-a0-18-g89e19f1 (webtiles) character file.

Game seed: 6237728629996239561

71669 PublicAnimeNo1 the Toxicologist (level 12, -1/94 (97) HPs)
             Began as a Demonspawn Alchemist on Jan 15, 2024.
             Was the Champion of Ru.
             Shot with an arrow by a centaur warrior (12 damage)
             ... on level 12 of the Dungeon on Jan 16, 2024.
             The game lasted 01:12:14 (25449 turns).

PublicAnimeNo1 the Toxicologist (DsAl)             Turns: 25449, Time: 01:12:15

HP:   -1/94 (97)    AC: 16    Str:  7 (9)  XL:     12   Next: 98%
MP:   21/23         EV: 11    Int: 22 (25) God:    Ru [******]
Gold: 1000          SH:  4    Dex: 14 (15) Spells: 9/31 levels left

rFire   + . .        a - +1 dagger (venom)
rCold   . . .        V - +0 buckler
rNeg    . . .        e - +5 ring mail of Perpetual Drought {rF+}
rPois   .            X - +1 helmet
rElec   .            u - +0 cloak
rCorr   .            (no gloves)
SInv    .            W - +2 pair of boots {Fly}
Will    .....        (no amulet)
Stlth   ++++         r - +6 ring of intelligence
HPRegen 0.35/turn    x - ring of wizardry
MPRegen 0.18/turn

%: wizardry (x1)
@: exhausted, flying, lightly drained
A: foul stench 3, low MP 1, powered by death 2, inability to train armour,
disrupted magic 1, inexperienced 2, weakness stinger 1, no forms
a: Renounce Religion, Draw Out Power, Power Leap, Apocalypse


You were on level 12 of the Dungeon.
You worshipped Ru.
Ru was exalted by your worship.
You visited 4 branches of the dungeon, and saw 20 of its levels.

You collected 2439 gold pieces.
You spent 1439 gold pieces at shops.

Inventory:

Hand Weapons
 a - a +1 dagger of venom (weapon)
 p - a +2 dagger of pain
 y - a +4 dagger
Missiles
 H - 2 throwing nets
Armour
 e - the +5 ring mail of Perpetual Drought (worn) {rF+}
   (You bought it in a shop on level 2 of the Orcish Mines)

   rF+:       It protects you from fire.
 o - a +0 robe of resistance
 t - a scarf of invisibility
 u - a +0 cloak (worn)
 V - a +0 buckler (worn)
 W - a +2 pair of boots of flying (worn)
 X - a +1 helmet (worn)
Jewellery
 c - an amulet of guardian spirit
 l - a ring of fire
 r - a +6 ring of intelligence (left hand)
 s - a +6 ring of strength
 x - a ring of wizardry (right hand)
 M - a +6 ring of dexterity
 N - a ring of magical power
Wands
 E - a wand of charming (10)
 F - a wand of digging (3)
 I - a wand of flame (9)
 L - a wand of iceblast (11)
 U - a wand of mindburst (5)
Scrolls
 g - 5 scrolls of enchant armour
 k - a scroll of poison
 q - 4 scrolls of teleportation
 v - 2 scrolls of amnesia
 w - 3 scrolls of fear
 A - a scroll of identify
 C - 3 scrolls of fog
 K - 2 scrolls of revelation
 O - a scroll of vulnerability
 R - a scroll of torment
 S - a scroll of silence
Potions
 b - 2 potions of magic
 d - 6 potions of curing
 f - 4 potions of attraction
 h - 3 potions of enlightenment
 i - 4 potions of mutation
 j - 2 potions of cancellation
 m - 2 potions of lignification
 n - 6 potions of might
 z - 2 potions of haste
 D - 2 potions of brilliance
 J - a potion of invisibility
Miscellaneous
 B - a sack of spiders
 P - a tin of tremorstones (2/2)
 Q - a phantom mirror


   Skills:
 + Level 9.7 Fighting
 - Level 10.0 Short Blades
 + Level 7.2 Dodging
 + Level 11.2 Stealth
 + Level 0.4 Shields
 - Level 10.0 Spellcasting
 - Level 1.0 Conjurations
 - Level 4.0 Summonings
 + Level 2.2 Necromancy
 - Level 8.0 Fire Magic
 - Level 12.0 Alchemy
 - Level 4.2 Evocations


You had 9 spell levels left.
You knew the following spells:

 Your Spells              Type           Power      Damage    Failure   Level
a - Sting                 Conj/Alch      100%       1d9       1%          1
b - Olgreb's Toxic Radia  Alch           59%        N/A       1%          4
c - Mephitic Cloud        Conj/Alch/Air  30%        N/A       11%         3
d - Sticky Flame          Fire/Alch      53%        2d9       4%          4
e - Cigotuvi's Dreadful   Necr/Alch/Air  62%        N/A       4%          2
f - Summon Blazeheart Go  Fire/Summ      37%        N/A       16%         4
g - Petrify               Alch/Erth      37%        N/A       16%         4

Your spell library contained the following spells:

 Spells                   Type           Power      Damage    Failure   Level
 Foxfire                  Conj/Fire      100%       2x1d9     3%          1
 Mercury Vapours          Alch/Air       74%        N/A       3%          2
 Summon Small Mammal      Summ           100%       N/A       4%          1
 Call Imp                 Summ           56%        N/A       6%          2
 Call Canine Familiar     Summ           28%        N/A       12%         3
 Magic Dart               Conj           60%        1d6       13%         1
 Freeze                   Ice            44%        1d6       19%         1
 Slow                     Hex            44%        N/A       19%         1
 Static Discharge         Conj/Air       26%        3-5/arc   22%         2
 Vampiric Draining        Necr           20%        2d7       22%         3
 Blink                    Tloc           22%        N/A       26%         2
 Hailstorm                Conj/Ice       13%        3d6       38%         3
 Confusing Touch          Hex            11%        N/A       45%         3
 Frozen Ramparts          Ice            22%        1d4       45%         3
 Gell's Gravitas          Tloc           11%        N/A       45%         3
 Sigil of Binding         Hex            11%        N/A       45%         3
 Animate Dead             Necr           20%        N/A       54%         4
 Animate Armour           Summ/Erth      38%        N/A       56%         4
 Summon Lightning Spire   Summ/Air       19%        N/A       56%         4
 Airstrike                Air            5%         2d(1-17)  82%         4
 Summon Forest            Summ/Tloc      9%         N/A       87%         5
 Summon Mana Viper        Hex/Summ       19%        N/A       87%         5
 Sculpt Simulacrum        Ice/Alch       18%        N/A       89%         6
 Freezing Cloud           Conj/Ice/Air   6%         6-21      98%         5
 Lee's Rapid Deconstruct  Erth           5%         3d6*      98%         5
 Starburst                Conj/Fire      15%        6d6       98%         6
 Plasma Beam              Fire/Air       14%        2x1d25    99%         6
 Summon Cactus Giant      Summ           14%        N/A       99%         6
 Haunt                    Necr/Summ      12%        N/A       100%        7
 Ignition                 Fire           23%        3d8       100%        8
 Infestation              Necr           10%        N/A       100%        8
 Fire Storm               Conj/Fire      15%        8d4       100%        9


Dungeon Overview and Level Annotations

Branches:
Dungeon (12/15)            Temple (1/1) D:4            Lair (5/5) D:11
  Swamp (0/4) Lair:3       Spider (0/4) Lair:3        Slime (0/5) Lair:4
    Orc (2/2) D:10            Elf (0/3) Orc:2

Altars:
Ashenzari
Cheibriados
Dithmenos
Fedhas
Gozag
Hepliaklqana
Kikubaaqudgha
Makhleb
Nemelex Xobeh
Okawaru
Qazlal
Ru
Sif Muna
Trog
Uskayaw
Vehumet
Wu Jian
Xom
Yredelemnul
Jiyva

Shops:
D:2 (   D:5 *   Orc:1 [*:*?   Orc:2 *[[!=

Annotations:
D:8 3 runed translucent doors, Dorkslayer's ghost, novice OnSh


Innate Abilities, Weirdness & Mutations

You frequently emit foul miasma when damaged in melee.
Your magical capacity is low. (-10% MP)
You regenerate health from kills.
You cannot train Armour skill.
Your casting is slightly disrupted.
You are inexperienced. (-2 XL)
You have a small tail.
You cannot voluntarily change form.


Message History

The skeletal warrior hits you with a +3 flail!
You hit the skeletal warrior but do no damage.
The skeletal warrior is severely damaged.
The skeletal warrior burns!
The skeletal warrior stops burning.
Casting: Sticky Flame (dangerous; 4% risk of failure)
Confirm with . or Enter, or press ? or * to list all spells.
Aiming: Sticky Flame (dangerous; 4% risk of failure)
Press: ? - help, Shift-Dir - straight line, f/p - skeletal warrior
Aim: a skeletal warrior, wielding a +3 flail (severely damaged)
The sticky flame hits the skeletal warrior.
The skeletal warrior is almost destroyed.
The skeletal warrior burns!
The centaur warrior is stunned by your conviction and fails to attack.
The skeletal warrior hits you but does no damage.
You hit the skeletal warrior but do no damage.
The skeletal warrior is almost destroyed.
The skeletal warrior burns!
The skeletal warrior hits you with a +3 flail!
* * * LOW HITPOINT WARNING * * *
You emit a cloud of foul miasma!
The gargoyle begins to attack, but is stunned by your conviction!
You hit the skeletal warrior but do no damage.
The skeletal warrior is almost destroyed.
You hit the skeletal warrior but do no damage.
The skeletal warrior is almost destroyed.
The skeletal warrior burns!
You destroy the skeletal warrior!
The centaur warrior shoots an arrow.
You block the arrow.
The centaur warrior throws a stone.
The stone hits you.
* * * LOW HITPOINT WARNING * * *
The centaur warrior shoots an arrow.
The arrow hits you!
* * * LOW HITPOINT WARNING * * *
Okay, then.
Blink to where?
Press: ? - help, Dir - move target
As you read the scroll of blinking, it crumbles to dust.
The centaur warrior shoots an arrow.
The arrow completely misses you.
The centaur warrior shoots an arrow.
The arrow completely misses you.
The centaur warrior shoots an arrow.
The arrow hits you!
You die...

##.## # #.# #.# # ### #.## #
...< #..###### # #
#...####..#.......##
.g....................
.#...........[########..#
.g...########@......#..#
#g...#.......######.#..#
.g..#c######...(.#.#..#
#####cg.#§#.....####.#.#..#
.?....9g#.#.####...#.#.#..#
....#°#.#.#.#...##.#.#.#..##
### #°#.#)#.#.##.#.#.#.#...#
#.#B#.#.#.#...#.#.#.#..#
#c.gc#.#.#.#.##.#.#.#..##


You could see a centaur warrior.

Vanquished Creatures
  Josephine (Lair:5)
  5 hydras
  Fannar (Orc:1)
  Harold (D:9)
  An ice dragon (Lair:5)
  A catoblepas (Lair:4)
  2 two-headed ogres
  6 death yaks (Lair:3)
  5 orc high priests (Orc:2)
  A skeletal warrior (D:12)
  2 skysharks
  A swamp dragon (Lair:5)
  Pikel (D:9)
  4 lindwurms (Lair:2)
  4 orc knights (Orc:2)
  An ugly thing (D:11)
  2 cyclopes
  An orc sorcerer (Orc:2)
  A wolf spider (Lair:5)
  Joseph (D:8)
  A guardian serpent (Lair:5)
  Maurice (Orc:1)
  6 elephants
  6 black mambas
  A torpor snail (Lair:2)
  14 cane toads
  2 unseen horrors (D:12)
  10 rime drakes
  12 komodo dragons
  A kobold demonologist (D:10)
  A yaktaur (D:12)
  A polar bear (Lair:4)
  3 trolls
  Grinder (D:4)
  2 hornets (Lair:5)
  Prince Ribbit (D:6)
  22 blink frogs
  Sigmund (D:4)
  A slime creature (D:12)
  4 wraiths
  68 yaks
  6 basilisks
  13 wyverns
  3 steam dragons
  2 vampire mosquitoes (D:11)
  6 redbacks
  2 swamp worms (Lair:3)
  An acid dragon (D:9)
  31 water moccasins
  A swamp drake (Lair:5)
  28 orc warriors
  An elephant zombie (D:8)
  4 black bears
  2 ice beasts
  2 ogres
  12 wolves (Lair:2)
  5 centaurs
  A lemure (D:9)
  An elf zombie (D:8)
  Blork the orc (D:4)
  9 bullfrogs
  4 kobold brigands
  2 gnoll sergeants
  5 scorpions
  4 wights (D:8)
  11 killer bees
  2 howler monkeys (D:9)
  2 electric eels
  2 lava snakes (D:7)
  A human zombie (D:8)
  7 jellies
  35 orc priests
  3 hounds
  3 gnoll boudas
  3 iguanas
  11 orc wizards
  6 hell rats (Lair:3)
  2 killer bee zombies (D:8)
  A hound zombie (D:8)
  A howler monkey zombie (D:8)
  4 adders
  16 gnolls
  A shadow imp (D:6)
  A white imp (D:6)
  6 adder zombies (D:8)
  4 ribbon worms
  A dart slug (D:1)
  86 orcs
  11 ball pythons
  6 bats
  2 endoplasms
  5 giant cockroaches
  4 hobgoblins
  7 quokkas
  3 frilled lizards
  9 goblins
  21 kobolds
  5 rats
629 creatures vanquished.

Vanquished Creatures (collateral kills)
  Nergalle (Orc:1)
  A rime drake (Lair:5)
  A howler monkey zombie (D:8)
3 creatures vanquished.

Vanquished Creatures (others)
  An orc knight (Orc:2)
  A cane toad (Lair:5)
  A water moccasin (Lair:3)
  A centaur (D:11)
  A weeping skull (D:8)
  An orc (Orc:1)
  4 blazeheart cores (Lair:5)
10 creatures vanquished.

Grand Total: 642 creatures vanquished

Notes
Turn   | Place    | Note
-------+----------+-------------------------------------------
     0 | D:1      | PublicAnimeNo1 the Demonspawn Alchemist began the quest for
                  | the Orb.
     0 | D:1      | Reached XP level 1. HP: 13/13 MP: 3/3
   113 | D:1      | Gained mutation: You regenerate a little health from kills.
                  | [demonic ancestry]
   113 | D:1      | Reached XP level 2. HP: 19/19 MP: 0/5
   548 | D:1      | Reached XP level 3. HP: 24/24 MP: 3/6
   812 | D:1      | You fall into a shaft and drop 1 floor!
   841 | D:2      | Reached skill level 4 in Alchemy
  1126 | D:2      | Found Rooth's Antique Weapon Shop.
  1543 | D:3      | Gained mutation: You may rarely emit foul miasma when
                  | damaged in melee. [demonic ancestry]
  1543 | D:3      | Reached XP level 4. HP: 12/30 MP: 1/8
  1608 | D:3      | Learned a level 4 spell: Olgreb's Toxic Radiance
  1612 | D:3      | Learned a level 3 spell: Mephitic Cloud
  1884 | D:3      | Got Beodal's Volume of Terrestrial Embers
  2366 | D:3      | Reached skill level 5 in Alchemy
  2366 | D:3      | Reached XP level 5. HP: 18/35 MP: 7/9
  2704 | D:4      | Noticed Grinder
  2900 | D:4      | Noticed Blork the orc
  2925 | D:3      | Reached XP level 6. HP: 22/41 MP: 5/11
  3080 | D:4      | Noticed Sigmund
  3096 | D:4      | Found a staircase to the Ecumenical Temple.
  3106 | Temple   | Entered the Ecumenical Temple
  3125 | Temple   | Became a worshipper of Ru the Awakened
  3193 | D:4      | HP: 2/41 [ogre/+0 giant club (2)]
  3198 | D:4      | Reached skill level 6 in Alchemy
  3305 | D:4      | Found a bloodstained altar of Trog.
  3318 | D:4      | Killed Sigmund
  3319 | D:4      | Reached XP level 7. HP: 19/46 MP: 6/13
  3515 | D:4      | Reached skill level 7 in Alchemy
  3781 | D:4      | Killed Blork the orc
  3991 | D:4      | Identified the +1 dagger "Foysmasm" {protect, rF+ rN++
                  | rCorr Int-5}
  4095 | D:4      | Killed Grinder
  4096 | D:4      | Reached skill level 5 in Spellcasting
  4188 | D:5      | Entered Level 5 of the Dungeon
  4351 | D:5      | Reached skill level 8 in Alchemy
  4383 | D:5      | Gained mutation: You regenerate health from kills. [demonic
                  | ancestry]
  4383 | D:5      | Reached XP level 8. HP: 50/53 MP: 1/15
  4509 | D:5      | Reached skill level 1 in Fighting
  4553 | D:5      | Learned a level 4 spell: Sticky Flame
  5094 | D:5      | Found Ungeeth's Elemental Accessories.
  5471 | D:6      | Reached skill level 1 in Evocations
  5600 | D:6      | Noticed Prince Ribbit
  5613 | D:6      | Killed Prince Ribbit
  5710 | D:6      | Reached skill level 9 in Alchemy
  5891 | D:6      | Gained mutation: You cannot voluntarily change form. [Ru
                  | sacrifice]
  6556 | D:7      | Identified the +10 war axe "Tuih" {distort, +Blink rC-
                  | Str+3}
  6584 | D:7      | Gained mutation: You have a small tail. [demonic ancestry]
  6584 | D:7      | Reached XP level 9. HP: 58/62 MP: 8/17
  7668 | D:8      | Found a runed translucent gate.
  7669 | D:8      | Found a runed translucent gate.
  7670 | D:8      | Found a runed translucent gate.
  7672 | D:8      | Noticed Dorkslayer's ghost (novice OnSh)
  7674 | D:8      | Noticed a ten-headed hydra
  7854 | D:8      | Found an ancient bone altar of Kikubaaqudgha.
  7879 | D:8      | Reached skill level 1 in Short Blades
  7879 | D:8      | Reached skill level 1 in Fire Magic
  7961 | D:8      | Found a sparkling altar of Nemelex Xobeh.
  8172 | D:8      | Found an opulent altar of Gozag.
  8328 | D:8      | Found a hazy altar of Hepliaklqana.
  8330 | D:8      | Found a basalt altar of Yredelemnul.
  8338 | D:8      | Noticed Joseph
  8349 | D:8      | Killed Joseph
  8507 | D:8      | Found a blossoming altar of Fedhas.
  8507 | D:8      | Found a broken altar of Ashenzari.
  8509 | D:8      | Found a shimmering blue altar of Sif Muna.
  8577 | D:8      | Identified the +5 mace "Ogre's Nightmare" {flame, Dex+2}
  8679 | D:8      | Gained mutation: You sometimes emit foul miasma when
                  | damaged in melee. [demonic ancestry]
  8679 | D:8      | Reached XP level 10. HP: 72/72 MP: 9/19
  8712 | D:8      | Reached skill level 10 in Alchemy
  9313 | D:9      | Noticed Harold
  9344 | D:9      | Killed Harold
  9772 | D:9      | Noticed Pikel
  9780 | D:9      | Killed Pikel
  9991 | D:10     | Entered Level 10 of the Dungeon
  9991 | D:10     | Found a staircase to the Orcish Mines.
 10637 | D:10     | Reached XP level 11. HP: 70/77 MP: 14/23
 10639 | D:10     | Reached skill level 5 in Short Blades
 10639 | D:10     | Reached skill level 5 in Dodging
 10885 | D:11     | Reached skill level 5 in Fighting
 11090 | D:11     | Noticed a two-headed ogre
 11102 | D:11     | Killed a two-headed ogre
 11284 | D:11     | Noticed a cyan ugly thing
 11297 | D:11     | Killed a cyan ugly thing
 11344 | D:11     | Found a staircase to the Lair.
 11568 | D:11     | Gained mutation: You cannot train Armour skill. [Ru
                  | sacrifice]
 11568 | D:11     | Reached * piety under Ru
 12364 | D:12     | Noticed a centaur warrior
 12370 | D:12     | Noticed a skeletal warrior
 12536 | D:12     | Reached skill level 5 in Stealth
 12673 | Lair:1   | Entered Level 1 of the Lair of Beasts
 12930 | Lair:1   | Reached XP level 12. HP: 74/88 MP: 17/24
 13242 | Lair:1   | Reached skill level 5 in Fire Magic
 14113 | Lair:2   | Reached skill level 11 in Alchemy
 14453 | Lair:2   | Gained mutation: Your magical capacity is low. (-10% MP)
                  | [Ru sacrifice]
 14453 | Lair:2   | Reached ** piety under Ru
 14791 | Lair:2   | Gained mutation: You frequently emit foul miasma when
                  | damaged in melee. [demonic ancestry]
 14791 | Lair:2   | Reached XP level 13. HP: 93/93 MP: 1/22
 15049 | Lair:2   | Got the Monograph on Differential Geometry
 15201 | Lair:3   | Found a hole to the Spider Nest.
 15725 | Lair:3   | Reached skill level 12 in Alchemy
 16249 | Lair:3   | Found a staircase to the Swamp.
 16784 | Lair:4   | Found a staircase to the Slime Pits.
 16904 | Lair:4   | Found a viscous altar of Jiyva.
 17009 | Lair:4   | Gained mutation: You are somewhat inexperienced. (-1 XL)
                  | [Ru sacrifice]
 17009 | Lair:4   | Reached XP level 12. HP: 89/89 MP: 17/21
 17009 | Lair:4   | Reached *** piety under Ru
 17009 | Lair:4   | Reached **** piety under Ru
 17637 | Lair:5   | Entered Level 5 of the Lair of Beasts
 18723 | Lair:5   | Reached skill level 10 in Short Blades
 18812 | Lair:5   | Reached XP level 13. HP: 97/97 MP: 11/23
 19012 | Lair:5   | Learned a level 2 spell: Cigotuvi's Dreadful Rot
 19625 | Lair:5   | Reached skill level 10 in Stealth
 20538 | Lair:5   | Learned a level 4 spell: Summon Blazeheart Golem
 20588 | Lair:5   | Reached skill level 1 in Summonings
 21766 | Lair:5   | Noticed Josephine
 21787 | Lair:5   | Killed Josephine
 22027 | D:11     | Gained mutation: You are inexperienced. (-2 XL) [Ru
                  | sacrifice]
 22027 | D:11     | Reached XP level 12. HP: 89/89 MP: 23/23
 22027 | D:11     | Reached ***** piety under Ru
 22167 | Orc:1    | Entered Level 1 of the Orcish Mines
 22167 | Orc:1    | Noticed Maurice
 22169 | Orc:1    | Noticed Nergalle
 22179 | Orc:1    | Killed Nergalle
 22182 | Orc:1    | Killed Maurice
 22191 | Orc:1    | Found Pihoi's Book Boutique.
 22380 | Orc:1    | Bought the Compilation of Sizzling Grit for 280 gold pieces
 22385 | Orc:1    | Learned a level 4 spell: Petrify
 22396 | Orc:1    | Found Okophe's Assorted Antiques.
 22406 | Orc:1    | Noticed Fannar
 22418 | Orc:1    | Killed Fannar
 22650 | Orc:1    | Found Faal's Antique Armour Boutique.
 22689 | Orc:1    | Bought a buckler for 157 gold pieces
 22777 | Orc:1    | Bought a fizzy black potion for 23 gold pieces
 22858 | Orc:1    | Found Ogib's Magic Scroll Emporium.
 22906 | Orc:1    | Found Visaqok's General Store.
 22953 | Orc:2    | Entered Level 2 of the Orcish Mines
 23205 | Orc:2    | Found Wesar's Jewellery Shoppe.
 23973 | Orc:2    | Reached skill level 10 in Spellcasting
 24188 | Orc:2    | Gained mutation: Your casting is slightly disrupted. [Ru
                  | sacrifice]
 24188 | Orc:2    | Reached ****** piety under Ru
 24261 | Orc:2    | Reached skill level 1 in Necromancy
 24692 | Orc:2    | Found Gyfrif's Distillery.
 24693 | Orc:2    | Found Ceffueli's Assorted Antiques.
 24693 | Orc:2    | Found Tiobeheh's Antique Armour Shop.
 24694 | Orc:2    | Found Ylegud's Antique Armour Boutique.
 24703 | Orc:2    | Bought a pair of runed boots for 247 gold pieces
 24703 | Orc:2    | Bought a shiny helmet for 247 gold pieces
 24730 | Orc:2    | Bought a translucent ring mail for 297 gold pieces
 24730 | Orc:2    | Identified the +5 ring mail of Perpetual Drought {rF+} (You
                  | bought it in a shop on level 2 of the Orcish Mines)
 24730 | Orc:2    | Bought a dazzling robe for 188 gold pieces
 24730 | Orc:2    | Identified the +1 robe "Voyrhuha" {Rampage Will- Int+2}
                  | (You bought it in a shop on level 2 of the Orcish Mines)
 24820 | Orc:2    | Found a staircase to the Elven Halls.
 25449 | D:12     | Shot with an arrow by a centaur warrior

Illustrated notes

Levels and vault maps discovered:
D:1:      dpeg_arrival_long_road, layout_rooms, grunt_decor_clamped
D:2:      layout_rooms, serial_shops, nicolae_shop_crystal
D:3:      cheibrodos_old_hovel, layout_loops_corners, chequers_garden
D:4:      layout_basic, kennysheep_mini_moat, minmay_temple_entry_hall,
          grunt_ministairs_5, uniq_grinder, uniq_sigmund, uniq_blork_the_orc
D:5:      layout_rooms, nicolae_elemental_shop, minmay_crystal_room
D:6:      layout_cave_pools, uniq_prince_ribbit1
D:7:      layout_loops_ring, tso_metal_star, minivault_19,
          kennysheep_big_empty_room, hangedman_decor_peaks_small
D:8:      layout_loops_corners, nemelex_diamond_rough_becter,
          grunt_gozag_breadcrumbs, nicolae_overflow_hidden_temple,
          gammafunk_ghost_hydra_chop, dreamdust_mushroom_princess,
          roadster_capsule_ark_zombie, uniq_joseph
D:9:      layout_rooms, kennysheep_generic_room_14, uniq_pikel, uniq_harold
D:10:     layout_irregular_city, skrybe_limestone_x
D:11:     minmay_weird_star, layout_irregular_city, david_lair_generic
D:12:     minmay_distorted_concentric_squares, layout_loops_corners,
          minmay_misc_feat_nine_boxes, uniq_lodul
Temple:   compressed_dpeg_triangle_lava_temple
Lair:1:   layout_hall_layers
Lair:2:   layout_long_grid, pdpol_lair_neglected_garden, minmay_lindwurm_lava
Lair:3:   layout_chaotic_city, minmay_swamp_entry_worms, spider_nest_entry_webs,
          gauntlet_entry_generic, infiniplex_staircase_pool, grunt_megastairs_5,
          serial_bayou_shore_a
Lair:4:   layout_roguey, nicolae_slime_entry_field_trip,
          kennysheep_catoblepas_arena
Lair:5:   guppyfry_lair_end_dragon, layout_cellular_growth,
          hangedman_lair_tendril_chambers, nicolae_quartered_pool_super,
          uniq_josephine
Orc:1:    layout_caves, serial_shops, shop, shop,
          nicolae_shop_competitors_out_of_business, shop,
          nicolae_shop_hallway_stairs, minmay_orc_temple_a, uniq_nergalle,
          uniq_fannar, uniq_maurice
Orc:2:    st_orc_pillars, layout_caves, minmay_shop_enchanted_jewellery

Skill      XL: |  1  2  3  4  5  6  7  8  9 10 11 12 13 |
---------------+----------------------------------------+-----
Alchemy        | 4 5 6 8 9 10 11 12 | 12.0
Spellcasting   | 3 4 5 6 8 10 9 | 10.0
Stealth        | 2 3 4 5 11 10 | 11.2
Fighting       | 2 4 6 7 9 |  9.7
Evocations     | 2 4 |  4.2
Short Blades   | 2 4 7 10 9 | 10.0
Fire Magic     | 2 4 8 7 |  8.0
Dodging        | 2 4 6 7 |  7.2
Summonings     | 4 2 |  4.0
Necromancy     | 2 |  2.2
Shields        | |  0.4
Conjurations   | |  1.0

Action                     |  1- 3 |  4- 6 |  7- 9 | 10-12 | 13-15 || total
---------------------------+-------+-------+-------+-------+-------++-------
  Melee: Unarmed           |     4 |       |       |       |       ||     4
         Dagger            |    35 |    41 |   203 |   662 |   259 ||  1200
         Punch             |     1 |       |     5 |    10 |     2 ||    18
         Tailslap          |       |       |    15 |   154 |    64 ||   233
         Trident           |       |       |       |     1 |       ||     1
   Cast: Sting             |    66 |    85 |   112 |    26 |    28 ||   317
         Olgreb's Toxic Ra |       |       |    37 |   113 |    24 ||   174
         Sticky Flame      |       |       |     9 |    88 |    70 ||   167
         Mephitic Cloud    |       |       |     3 |    15 |     5 ||    23
         Summon Blazeheart |       |       |       |     1 |     4 ||     5
         Petrify           |       |       |       |     1 |       ||     1
         Cigotuvi's Dreadf |       |       |       |       |     2 ||     2
 Invoke: Sacrifice Forms   |       |       |     1 |       |       ||     1
         Reject Sacrifices |       |       |     1 |       |       ||     1
         Sacrifice Durabil |       |       |       |     1 |       ||     1
         Draw Out Power    |       |       |       |     2 |     3 ||     5
         Sacrifice Essence |       |       |       |     2 |       ||     2
         Sacrifice Experie |       |       |       |     2 |       ||     2
  Evoke: Wand              |       |       |     2 |     2 |    11 ||    15
         Phantom mirror    |       |       |       |       |     1 ||     1
    Use: Scroll            |     3 |     3 |    11 |     8 |     2 ||    27
         Potion            |       |     2 |     1 |     2 |     4 ||     9
   Stab: Confused          |       |       |     1 |    12 |       ||    13
         Sleeping          |       |       |     1 |     7 |     4 ||    12
         Distracted        |       |       |       |     6 |     2 ||     8
         Invisible         |       |       |       |     2 |       ||     2
         Petrifying        |       |       |       |     1 |     4 ||     5
         Petrified         |       |       |       |     1 |     1 ||     2
 Armour: Robe              |    23 |     8 |       |       |       ||    31
         Leather armour    |       |    42 |   108 |       |       ||   150
         Skin              |       |       |    20 |       |       ||    20
         Steam dragon scal |       |       |    44 |   346 |   181 ||   571
         Ring mail         |       |       |       |    16 |       ||    16
  Dodge: Dodged            |    44 |    42 |   115 |   355 |   149 ||   705
  Block: Buckler           |       |       |       |     4 |       ||     4

Table legend: (Time is in decaauts)
 A = Elapsed time spent in this place.
 B = Non-inter-level travel time spent in this place.
 C = Inter-level travel time spent in this place.
 D = Time resting spent in this place.
 E = Time spent auto-exploring this place.
 F = Levels seen in this place.
 G = Mean time per level.
                   A        B        C        D        E       F      G
               +--------+--------+--------+--------+--------+-----+--------+
         Total |  25128 |  24353 |    775 |   6314 |  13846 |  20 | 1256.4 |
       Dungeon |  13301 |  12889 |    412 |   2489 |   8379 |  12 | 1108.4 |
        Temple |     32 |      7 |     25 |      0 |      3 |   1 |   32.0 |
          Lair |   9146 |   8953 |    193 |   3043 |   4398 |   5 | 1829.2 |
  Orcish Mines |   2647 |   2503 |    144 |    782 |   1066 |   2 | 1323.5 |
               +--------+--------+--------+--------+--------+-----+--------+

Top non-repeatable levels by time:
  Lair:5: 3523 daAuts
     D:8: 1885 daAuts
   Orc:2: 1829 daAuts
  Lair:4: 1718 daAuts
  Lair:3: 1517 daAuts
    D:11: 1439 daAuts
     D:4: 1389 daAuts
     D:3: 1359 daAuts
  Lair:2: 1328 daAuts
     D:7: 1076 daAuts
  Lair:1: 1058 daAuts
     D:6: 1015 daAuts
    D:10: 969 daAuts
    D:12: 934 daAuts
     D:5: 932 daAuts
